 Dungeon Crawl Stone Soup version 0.23.2-1-ga50397a (webtiles) character file.

Game seed: 17060610041414789017

4024 gohu the Fighter (level 10, -8/127 HPs)
             Began as a Demonspawn Berserker on May 31, 2019.
             Was an Elder of Trog.
             Mangled by an ogre
             ... wielding a cursed -3 giant spiked club
              (16 damage)
             ... on level 8 of the Dungeon.
             The game lasted 00:29:43 (7621 turns).

gohu the Fighter (Demonspawn Berserker)             Turns: 7621, Time: 00:29:45

Health: -8/127     AC: 11    Str: 23    XL:     10   Next: 4%
Magic:  0/10       EV:  6    Int:  9    God:    Trog [****..]
Gold:   565        SH: 10    Dex: 15    Spells: 9/9 levels left

rFire    x . .     SeeInvis +   r - +1 flail
rCold    + . .     Gourm    .   y - +2 shield
rNeg     . . .     Faith    .   B - +0 chain mail
rPois    .         Spirit   +   (no helmet)
rElec    .         Reflect  .   (no cloak)
rCorr    .         Harm     .   (gloves unavailable)
MR       .....                  (no boots)
Stlth    ..........             (no amulet)
HPRegen  0.31/turn              z - ring of ice
MPRegen  0.24/turn              E - ring of see invisible

@: berserking, starving, very quick
A: claws 3, talons 1, powered by death 1, magic shield, magic regeneration
a: Berserk, Trog's Hand, Brothers in Arms, Renounce Religion


You were on level 8 of the Dungeon.
You worshipped Trog.
Trog was greatly pleased with you.
You were starving.

You visited 1 branch of the dungeon, and saw 9 of its levels.
You also visited: Ossuary.

You collected 565 gold pieces.

Inventory:

Hand Weapons
 a - a +0 mace
 p - a +0 mace
 r - a +1 flail (weapon)
Missiles
 j - 175 stones
 v - 7 javelins of penetration (quivered)
 w - a throwing net
Armour
 b - a +0 animal skin
 n - a +0 ring mail
 y - a +2 shield (worn)
 B - a +0 chain mail (worn)
 C - a +0 scale mail
Jewellery
 z - a ring of ice (left claw)
 E - a ring of see invisible (right claw)
Wands
 u - a wand of flame (22)
 x - a wand of paralysis (2)
 F - a wand of acid (15)
 I - a wand of polymorph (10)
Scrolls
 d - 8 scrolls of identify
 e - 2 scrolls of immolation
 g - 2 scrolls of remove curse
 k - 2 scrolls of teleportation
 o - a scroll of fog
 s - a scroll of fear
Potions
 f - 3 potions of curing
 h - 2 potions of flight
 i - 2 potions of mutation
 l - a potion of brilliance
 m - 2 potions of agility {unknown}
 q - 5 potions of heal wounds {unknown}
 t - 4 potions of lignification {unknown}
 A - 4 potions of berserk rage {unknown}
Comestibles
 c - 16 rations


   Skills:
 + Level 10.3 Fighting
 - Level 4.7 Maces & Flails
 + Level 9.2 Armour
 - Level 1.7 Dodging


You had 9 spell levels left.
You didn't know any spells.
Your spell library was empty.

Dungeon Overview and Level Annotations

Branches:
Dungeon (9/15)             Temple (0/1) D:6
   Lair: D:8-11         Orc: D:9-12

Altars:
Ashenzari
Cheibriados
Dithmenos
Nemelex Xobeh
Okawaru
Qazlal
Sif Muna
Trog
Wu Jian
Yredelemnul
The Shining One


Innate Abilities, Weirdness & Mutations

You have claws for hands.
You have sharp toenails.
You regenerate a little health from kills.
When hurt, damage is shared between your health and your magic reserves.
You regenerate magic rapidly.


Message History

The two-headed ogre is severely wounded.
The two-headed ogre hits you with a +0 giant club!!
The two-headed ogre hits you with a +0 giant club.
* * * LOW HITPOINT WARNING * * *
The hippogriff bites you but does no damage.
You block the hippogriff's attack.
The hippogriff claws you but does no damage.
You hit the two-headed ogre. You claw the two-headed ogre.
The two-headed ogre is almost dead.
The two-headed ogre hits you with a +0 giant club!!
* * * LOW HITPOINT WARNING * * *
The two-headed ogre completely misses you.
You barely miss the two-headed ogre. Your kick misses the two-headed ogre.
The two-headed ogre is almost dead.
The hippogriff bites you!
* * * LOW HITPOINT WARNING * * *
The hippogriff pecks you but does no damage.
You block the hippogriff's attack.
The ogre hits you with a cursed -3 giant spiked club!
You die...

........†#####>.......#
.........# ##.......#
.........######....)..#
###..$........##.......
#.>..................
#...........##.......
..####.......<......#
##.H...............
#O@O.F....O.......#
#.....V................
#......................
###...................#
#....................
#.............###+###
#...(.......
##..........


You could see a two-headed ogre, a hippogriff, a vampire, an ogre and a
bullfrog.

Vanquished Creatures
  Pikel (D:7)
  Joseph (D:7)
  Grinder (D:5)
  A hungry ghost (D:7)
  Menkaure (D:5)
  An orc warrior (D:6)
  A sky beast (D:7)
  An ice beast (D:6)
  4 ogres
  2 centaurs
  6 bullfrogs
  A scorpion (D:7)
  4 howler monkeys
  4 crimson imps
  A bullfrog zombie (D:5)
  A human zombie (Ossuary)
  2 orc priests
  A centaur skeleton (D:4)
  4 hounds
  6 orc wizards
  An iron imp (D:5)
  9 worker ants
  Jessica (D:2)
  6 iguanas
  4 big kobold zombies (Ossuary)
  3 hound skeletons
  2 mummies (Ossuary)
  6 gnolls
  8 adders
  A shadow imp (D:7)
  2 adder zombies (D:7)
  4 adder skeletons
  A worm (D:3)
  A dart slug (D:3)
  5 leopard geckos
  28 orcs
  9 bats
  8 giant cockroaches
  15 goblins
  6 hobgoblins
  11 jackals
  3 quokkas
  8 frilled lizards
  4 goblin zombies (Ossuary)
  4 hobgoblin zombies (Ossuary)
  6 kobolds
  A leopard gecko skeleton (D:5)
  A leopard gecko zombie (D:5)
  An orc zombie (Ossuary)
  A quokka skeleton (D:6)
  10 rats
  A spectral orc (D:4)
215 creatures vanquished.

Vanquished Creatures (others)
  A slave (D:7)
  An ogre (D:7)
  4 toadstools (D:1)
6 creatures vanquished.

Grand Total: 221 creatures vanquished

Notes
Turn   | Place    | Note
-------+----------+-------------------------------------------
     0 | D:1      | gohu the Demonspawn Berserker began the quest for the Orb.
     0 | D:1      | Reached XP level 1. HP: 18/18 MP: 1/1
   346 | D:1      | Gained mutation: You have sharp toenails. [demonic
                  | ancestry]
   346 | D:1      | Reached XP level 2. HP: 24/24 MP: 2/2
   898 | D:2      | Found a glowing golden altar of the Shining One.
   927 | D:2      | Reached ** piety under Trog
   929 | D:2      | Reached XP level 3. HP: 29/29 MP: 3/3
   940 | D:2      | Found a shattered altar of Ashenzari.
  1393 | D:2      | Noticed Jessica
  1408 | D:2      | Killed Jessica
  1453 | D:2      | Found an iron altar of Okawaru.
  1790 | D:3      | Reached XP level 4. HP: 37/37 MP: 4/4
  1843 | D:3      | Found a faded altar of an unknown god.
  1936 | D:3      | Reached skill level 4 in Fighting
  1945 | D:3      | Gained mutation: When hurt, damage is shared between your
                  | health and your magic reserves. [demonic ancestry]
  1945 | D:3      | Reached XP level 5. HP: 42/42 MP: 5/5
  2224 | D:3      | Reached *** piety under Trog
  2410 | D:3      | Noticed an ogre
  2425 | D:3      | Killed an ogre
  2425 | D:3      | Gained mutation: You have sharp fingernails. [demonic
                  | ancestry]
  2425 | D:3      | Reached XP level 6. HP: 41/49 MP: 3/6
  3124 | D:4      | Reached skill level 5 in Fighting
  3150 | D:4      | Found a basalt altar of Yredelemnul.
  3479 | D:4      | Found a basalt altar of Yredelemnul.
  3770 | D:5      | Entered Level 5 of the Dungeon
  3770 | D:5      | Noticed Grinder
  3820 | D:5      | Reached **** piety under Trog
  3912 | D:5      | Found a sparkling altar of Nemelex Xobeh.
  3964 | D:5      | Gained mutation: You have very sharp fingernails. [demonic
                  | ancestry]
  3964 | D:5      | Reached XP level 7. HP: 55/56 MP: 7/7
  4378 | D:5      | Found a deep blue altar of Sif Muna.
  4378 | D:5      | Found a shadowy altar of Dithmenos.
  4411 | D:5      | Paralysed by Grinder for 6 turns
  4433 | D:5      | Killed Grinder
  4433 | D:5      | Reached skill level 6 in Fighting
  4433 | D:5      | Reached skill level 5 in Armour
  4880 | D:6      | Gained mutation: You regenerate a little health from kills.
                  | [demonic ancestry]
  4880 | D:6      | Reached XP level 8. HP: 65/65 MP: 8/8
  5127 | D:5      | Reached skill level 7 in Fighting
  5509 | D:5      | Received a gift from Trog
  5544 | D:5      | Reached skill level 8 in Fighting
  5626 | D:5      | Found a bloodstained altar of Trog.
  5636 | D:5      | Noticed Menkaure
  5646 | D:5      | Killed Menkaure
  5753 | D:6      | Found a snail-covered altar of Cheibriados.
  5927 | D:6      | Found a staircase to the Ecumenical Temple.
  5996 | D:6      | Gained mutation: You regenerate magic rapidly. [demonic
                  | ancestry]
  5996 | D:6      | Reached XP level 9. HP: 75/75 MP: 9/9
  6297 | D:6      | Found an ornate altar of the Wu Jian Council.
  6416 | D:7      | Found a stormy altar of Qazlal.
  6506 | D:7      | Reached skill level 9 in Fighting
  6584 | D:7      | You fall through a shaft for 2 floors!
  6585 | D:9      | Noticed a troll
  6725 | D:7      | Noticed Joseph
  6745 | D:7      | Killed Joseph
  6804 | D:7      | Found a sand-covered staircase.
  6847 | Ossuary  | Entered an ossuary
  6876 | Ossuary  | Reached skill level 10 in Fighting
  7112 | D:7      | Noticed Pikel
  7138 | D:7      | Killed Pikel
  7138 | D:7      | Gained mutation: You have claws for hands. [demonic
                  | ancestry]
  7138 | D:7      | Reached XP level 10. HP: 64/85 MP: 10/10
  7613 | D:8      | Noticed a two-headed ogre
  7621 | D:8      | Mangled by an ogre

Skill      XL: |  1  2  3  4  5  6  7  8  9 |
---------------+----------------------------+-----
Armour         | 2 3 4 5 7 9 |  9.2
Maces & Flails | 3 4 |  4.7
Fighting       | 4 5 6 8 10 | 10.3
Dodging        | |  1.7

Action                   |  1- 3 |  4- 6 |  7- 9 | 10-12 || total
-------------------------+-------+-------+-------+-------++-------
Melee: Mace              |    73 |       |       |       ||    73
       Kick              |    11 |    49 |   144 |     4 ||   208
       Flail             |    26 |   184 |   442 |     7 ||   659
Throw: Stone             |     3 |       |       |       ||     3
       Javelin           |       |    11 |    20 |       ||    31
Invok: Berserk           |     1 |     5 |     6 |     1 ||    13
       Trog's Hand       |       |       |     5 |       ||     5
Evoke: Wand              |       |       |     3 |       ||     3
  Use: Scroll            |     2 |       |    12 |       ||    14
       Potion            |       |     1 |       |       ||     1
 Stab: Sleeping          |     1 |       |       |       ||     1
  Eat: Chunk             |     2 |    13 |    17 |     1 ||    33
       Ration            |       |       |     2 |       ||     2
Armor: Animal skin       |    10 |       |       |       ||    10
       Ring mail         |    35 |    31 |       |       ||    66
       Chain mail        |       |    43 |   252 |     4 ||   299
Dodge: Dodged            |    69 |    82 |   179 |     1 ||   331
Block: Shield            |       |       |    70 |     3 ||    73
